 Dungeon Crawl Stone Soup version 0.31-a0-889-g1a8549509d (webtiles) character file.

Game seed: 15005971687504742183

2479452 Forgeling the Smokeless Flame (level 27, 218/218 HPs)
             Began as a Djinni Hedge Wizard on Oct 16, 2023.
             Was the Champion of Qazlal.
             Escaped with the Orb
             ... and 4 runes!
             The game lasted 03:35:28 (64985 turns).

Forgeling the Smokeless Flame (DjHW)               Turns: 64985, Time: 03:35:29

Health: 218/218    AC: 27    Str: 14    XL:     27
Gold:   6515       EV: 20    Int: 38    God:    Qazlal [******] SH: 20 Dex: 20

rFire   + + .        t - staff "Xesog" {rElec rCorr SInv Air}
rCold   + + +        l - +3 buckler {AC+3}
rNeg    + + +        n - quicksilver dragon scales
rPois   ∞            o - +4 hat "Ashuru" {rN++ Int+3}
rElec   +            a - +4 dragonskin cloak
rCorr   +            s - +1 pair of gloves of Chill Winds {rF+ Int+2 Dex+3}
SInv    +            (boots unavailable)
Will    +++..        w - amulet of Abuf Zene {Contam rC+++ Regen+ Str+5 Slay+3}
Stlth   +            z - ring "Xuty" {Ice Contam rElec rPois rN+}
HPRegen 1.36/turn    p - ring of Xeokhe {rPois Int+7}
MPRegen 0.00/turn

%: repel missiles
@: flying, studying 2 skills
A: sickness immunity, fire resistance 2, cold vulnerability 1, float, innate
caster, HP casting, extra vitality 1, sense surroundings 1, robust 1
0: Orb of Zot
}: 4/15 runes: barnacled, slimy, silver, gossamer
a: Renounce Religion, Upheaval, Elemental Force, Disaster Area


You escaped.
You worshipped Qazlal.
Qazlal was exalted by your worship.
You visited 10 branches of the dungeon, and saw 52 of its levels.
You also visited: Gauntlet, Ice Cave, Wizlab and Desolation.

You collected 9783 gold pieces.
You spent 3268 gold pieces at shops.

Inventory:

Armour
 a - the +4 dragonskin cloak (worn)
   (You took it off Tiamat on level 2 of the Realm of Zot)

   Avatar's Aegis: It grants the wearer a chance to resist fire, cold, poison,
   electricity, acid, and negative energy.
 l - a +3 buckler of protection (worn)
 n - quicksilver dragon scales (worn)
 o - the +4 hat "Ashuru" (worn) {rN++ Int+3}
   (You found it on level 4 of the Spider Nest)

   Int+3:     It affects your intelligence (+3).
   rN++:      It greatly protects you from negative energy.
 s - the +1 pair of gloves of Chill Winds (worn) {rF+ Int+2 Dex+3}
   (You took it off Nikola on level 4 of the Shoals)

   Int+2:     It affects your intelligence (+2).
   Dex+3:     It affects your dexterity (+3).
   rF+:       It protects you from fire.
Magical Staves
 t - the staff "Xesog" (weapon) {rElec rCorr SInv Air}
   (You found it on level 5 of the Pits of Slime)

   [staff of air]

   Base accuracy: +5 Base damage: 5 Base attack delay: 1.2 This weapon's minimum
   attack delay (0.6) is reached at skill level 12.
   rElec:     It insulates you from electricity.
   SInv:      It lets you see invisible.
   rCorr:     It protects you from acid and corrosion.
   Air:       It increases the power of your Air spells.
   It falls into the 'Staves' category.
   It is a one-handed weapon.
Jewellery
 k - the ring "Geycum" {Fly rF+ rC- Int+4 Dex+6}
   (You found it on level 4 of the Vaults)

   [ring of flight]

   Int+4:     It affects your intelligence (+4).
   Dex+6:     It affects your dexterity (+6).
   rF+:       It protects you from fire.
   rC-:       It makes you vulnerable to cold.
   Fly:       It grants you flight.
 p - the ring of Xeokhe (right hand) {rPois Int+7}
   (You found it on level 5 of the Pits of Slime)

   [ring of poison resistance]

   Int+7:     It affects your intelligence (+7).
   rPois:     It protects you from poison
 w - the amulet of Abuf Zene (around neck) {Contam rC+++ Regen+ Str+5 Slay+3}
   (You bought it in a shop on level 3 of the Shoals)

   [amulet of regeneration]

   Str+5:     It affects your strength (+5).
   Slay+3:    It affects your accuracy & damage with ranged weapons and melee
   (+3).
   rC+++:     It renders you almost immune to cold.
   Contam:    It causes magical contamination when unequipped.
   Regen+:    It increases your rate of health regeneration.
 z - the ring "Xuty" (left hand) {Ice Contam rElec rPois rN+}
   (You took it off an imperial myrmidon in the Desolation of Salt)

   [ring of ice]

   Ice:       It enhances your ice magic.
   rF-:       It makes you vulnerable to fire.
   rC+:       It protects you from cold.
   rElec:     It insulates you from electricity.
   rPois:     It protects you from poison rN+: It protects you from negative
   energy.
   Contam:    It causes magical contamination when unequipped.
Wands
 d - a wand of digging (26)
 e - a wand of paralysis (58)
 h - a wand of light (38)
 i - a wand of iceblast (70)
Scrolls
 D - 2 scrolls of blinking
 E - 7 scrolls of fear
 F - 8 scrolls of fog
 K - 11 scrolls of immolation
 O - 3 scrolls of silence
 P - 12 scrolls of poison
 Q - 7 scrolls of enchant armour
 S - 2 scrolls of butterflies
 V - 8 scrolls of vulnerability
 X - 2 scrolls of revelation {@r4}
 Y - 25 scrolls of teleportation {@r3}
Potions
 j - 8 potions of enlightenment
 A - 8 potions of attraction
 B - 9 potions of brilliance
 C - 3 potions of cancellation
 G - 3 potions of ambrosia
 H - 7 potions of haste
 I - 6 potions of invisibility
 J - 19 potions of curing {@q1}
 M - 15 potions of might
 N - 8 potions of heal wounds {@q2}
 R - 3 potions of resistance
 U - 11 potions of mutation
Miscellaneous
 g - a condenser vane
 m - a phantom mirror
 r - a phial of floods
 v - a lightning rod (4/4)


   Skills:
 - Level 18.0 Fighting
 - Level 8.0 Short Blades
 - Level 10.0 Armour
 - Level 15.0 Dodging
 - Level 5.0 Stealth
 - Level 17.0 Shields
 O Level 27 Spellcasting
 O Level 27 Conjurations
 O Level 27 Hexes
   Level 0.0 Charms
 O Level 27 Summonings
 O Level 27 Necromancy
 O Level 27 Translocations
 O Level 27 Transmutations
 O Level 27 Fire Magic
 O Level 27 Ice Magic
 O Level 27 Air Magic
 O Level 27 Earth Magic
 O Level 27 Poison Magic
 - Level 10.0 Invocations
 - Level 14.0 Evocations


You knew the following spells:

 Your Spells              Type           Power      Damage    Failure   Level
a - Bombard               Conj/Erth      65%        9d11      0%          6
b - Shock                 Conj/Air       100%       1d9       0%          1
c - Borgnjor's Vile Clut  Necr/Erth      65%        N/A       0%          5
d - Mephitic Cloud        Conj/Pois/Air  100%       N/A       0%          3
e - Lesser Beckoning      Tloc           100%       N/A       0%          2
f - Slow                  Hex            100%       N/A       0%          1
g - Freezing Cloud        Conj/Ice/Air   91%        6-21      0%          5
h - Eringya's Noxious Bo  Tmut/Pois      65%        4d6       0%          6
i - Magic Dart            Conj           100%       1d8       0%          1
j - Volatile Blastmotes   Fire/Tloc      100%       2d18      0%          3
k - Haunt                 Necr/Summ      65%        N/A       0%          7
l - Chain Lightning       Conj/Air       78%        3d104     1%          9
p - Dazzling Flash        Conj/Hex       100%       N/A       0%          3
r - Ozocubu's Refrigerat  Ice            78%        4d24      0%          7
s - Call Imp              Summ           100%       N/A       0%          2
t - Fire Storm            Conj/Fire      65%        8d16      1%          9
v - Orb of Destruction    Conj           65%        9d15      0%          7
B - Blink                 Tloc           100%       N/A       0%          2
Your spell library was empty.

Dungeon Overview and Level Annotations

Branches:
Dungeon (15/15)            Temple (0/1) D:4            Lair (5/5) D:11
 Shoals (4/4) Lair:3       Spider (4/4) Lair:2        Slime (5/5) Lair:4
    Orc (2/2) D:12            Elf (3/3) Orc:2        Vaults (5/5) D:13
  Crypt (0/3) Vaults:3     Depths (4/4) D:15            Zot (5/5) Depths:4
  IceCv (visited)          WizLab (visited)         Desolation (visited)
Gauntlet (visited)

Altars:
Cheibriados
Dithmenos
Elyvilon
Fedhas
Gozag
Hepliaklqana
Makhleb
Qazlal
Wu Jian
Yredelemnul
Zin
The Shining One
Jiyva
Lugonu

Shops:
D:2 ?   D:3 !   D:4 :   D:11 (   D:12 ([!   D:15 ?   Orc:1 (   Orc:2 *[[:
Elf:1 =   Shoals:2 **   Shoals:3 (=*(

Portals:
Hell: Depths:1 Depths:2 Depths:3 Depths:4
Abyss: Depths:3
Pandemonium: Depths:2 Depths:3
Ziggurat: Depths:4


Innate Abilities, Weirdness & Mutations

You are immune to sickness and miasma.
You are immune to poison.
Your flesh is very heat resistant. (rF++)
You are vulnerable to cold. (rC-)
You float through the air rather than walking.
You learn spells naturally, not from books.
Your magical power is your life essence.
You have superior vitality. (+4 MHP)
You passively map a small area around you.
You are robust. (+10% HP)


Message History

There is a stone staircase leading down here.
An Orb Guardian comes into view.
Casting: Chain Lightning (dangerous; 1% risk of failure)
Confirm with . or Enter, or press ? or * to list all spells.
You feel a surge of power! Lightning arcs from your hands!
The bolt of lightning hits the Orb Guardian!!!!!
You kill the Orb Guardian!
The bolt of lightning hits you. You resist.
You feel protected from electricity.
What level of the Dungeon? (default 1, ? - help) HP restored.
Your protection from electricity is fading.
There is a stone staircase leading up here.
You fly upwards.
There is a stone staircase leading down here.
You feel less protected from electricity.
There is a stone staircase leading up here.
You fly upwards.
There is a stone staircase leading down here. an amulet of guardian spirit; a +0 robe; a +0 dagger
There is a stone staircase leading up here.
You fly upwards.
There is a stone staircase leading down here.
There is a dry fountain here.
There is a stone staircase leading up here.
You fly upwards.
There is a stone staircase leading down here.
Unknown command.
Unknown command.
Unknown command.
Unknown command.
Unknown command.
Unknown command.
Unknown command.
Unknown command.
What level of the Dungeon? (default 1, ? - help)
Okay, then.
There is a large open door here.
There is a staircase leading out of the dungeon here.
You have escaped!

##...~≈~~~~≈~≈≈~~~~~~~~~~~~~...#.
.....≈≈~~≈≈≈≈≈≈≈≈≈≈≈≈≈≈≈≈≈≈~...#.
.....~≈≈≈≈≈≈≈≈≈≈≈≈≈≈≈≈≈≈≈≈≈~..^#.
.#...~≈≈#+#'#≈≈≈≈≈≈≈#'#+#≈≈~.....
.....~≈≈+...##'###'##..>+≈≈~...##
##...~≈≈+...#.......#...+≈≈≈...##
#...~≈≈#+###.#####.#+#'#≈~~...#
#...~~≈≈≈+...#...#...#≈≈~~....##
##...~≈≈≈≈#.###○@○'.⌠.+~≈~..⌠....
.#...~≈≈≈≈#.###§..○.⌠.+≈~~..⌠....
.....≈≈≈≈≈'...#...#...#≈≈~≈......
.#...≈≈≈#'###.#####.###+#≈~~.....
##...≈≈≈'...+.......+...+~≈≈.....
##...~≈≈'...##+###'##..(+≈≈~...##
##...~≈≈#+#+#≈≈≈≈≈≈≈#+#'#≈≈~...##
##.(.~≈≈≈≈≈≈≈≈≈≈≈≈≈≈≈≈≈≈≈≈≈~....#
##...~≈≈≈≈≈≈≈≈≈≈≈≈≈≈≈≈≈≈≈≈≈~.....


There were no monsters in sight!

Vanquished Creatures
  the Royal Jelly (Slime:5)
  Dissolution (Slime:3)
  2 pandemonium lords
  Tiamat (Zot:2)
  6 dread liches
  5 orbs of fire (Zot:5)
  5 ancient liches
  Mennas (Depths:3)
  A juggernaut (Depths:4)
  Margery (Vaults:4)
  4 Killer Klowns (Zot:5)
  4 curse toes (Zot:2)
  Bai Suzhen (Depths:2)
  6 caustic shrikes
  Nikola (Shoals:4)
  12 golden dragons
  Norris (Depths:1)
  A Tzitzimitl (Zot:5)
  2 electric golems (Zot:5)
  29 tentacled monstrosities
  6 walking crystal tomes
  Mlioglotl (Shoals:1)
  27 Orb Guardians
  7 liches
  3 deep elf master archers
  10 titans
  3 deep elf blademasters
  4 quicksilver dragons
  4 walking earthen tomes
  Polyphemus (Shoals:2)
  2 walking divine tomes (Depths:3)
  2 walking frostbound tomes (Depths:1)
  2 krakens
  7 death cobs
  11 acid blobs
  9 sphinxes
  7 shadow dragons
  11 azure jellies
  13 tengu reavers
  The ghost of niangp the Slayer, a journeyman MiBe of Trog (Lair:4)
  13 storm dragons
  Ilsuiw (Shoals:2)
  The ghost of Unonal the Cloud Mage, an adept TeAE of Vehumet (Shoals:2)
  10 frost giants
  9 draconian monks
  16 fire giants
  12 rockslimes
  10 deep elf sorcerers
  5 draconian knights
  2 imperial myrmidons (Desolation)
  13 vault wardens
  5 iron dragons
  3 draconian scorchers
  2 deep elf elementalists
  7 ghost moths
  5 emperor scorpions
  A cacodemon (Depths:2)
  A spriggan defender (Depths:3)
  2 orc warlords (Orc:2)
  3 draconian stormcallers
  An angel (Shoals:4)
  3 broodmothers
  8 draconian annihilators
  19 ironbound preservers
  8 draconian shifters
  2 demonspawn blood saints (Depths:3)
  26 stone giants
  17 quicksilver oozes
  23 very ugly things
  4 demonspawn corrupters (WizLab)
  2 war gargoyles
  4 formless jellyfish
  9 ironbound thunderhulks
  5 deep elf demonologists
  9 green draconians
  13 white draconians
  4 vampire knights
  7 deep elf annihilators
  9 yellow draconians
  6 black draconians
  10 purple draconians
  27 spark wasps
  A halazid warlock (Desolation)
  A minotaur (Gauntlet)
  20 red draconians
  A blizzard demon (Depths:3)
  15 merfolk impalers
  6 merfolk javelineers
  17 ettins
  10 deep elf death magi
  4 crystal guardians
  14 yaktaur captains
  8 deep elf high priests
  Josephine (Spider:1)
  11 fire dragons
  2 jiangshi (Depths:1)
  3 ragged hierophants (Desolation)
  An entropy weaver (Spider:1)
  An entropy weaver (shapeshifter) (Depths:4)
  3 hydras
  8 great orbs of eyes
  37 vault guards
  7 rakshasas
  A salamander tyrant (Depths:3)
  4 catoblepae
  11 ice dragons
  A hell beast (Depths:3)
  4 servants of whispers (Desolation)
  The ghost of Dicwisan the Geomancer, a journeyman GrEE of Vehumet (Lair:1)
  18 centaur warriors
  8 peacekeepers
  4 merfolk avatars
  A spectral tengu (Depths:1)
  6 spriggan air magi
  6 radroaches
  3 ogre magi
  36 dancing weapons
  10 ironbound frosthearts
  6 satyrs
  15 two-headed ogres
  8 tengu warriors
  7 merfolk aquamancers
  4 orc high priests (Orc:2)
  7 boulder beetles
  8 death yaks
  9 demonic crawlers
  11 deep troll shamans
  15 deep troll earth magi
  5 vampire magi
  3 hell hogs
  26 deep elf knights
  8 spriggan berserkers
  A soul eater (Depths:3)
  27 hell knights
  A sun demon (Depths:3)
  11 skysharks
  8 pharaoh ants
  14 iron trolls
  2 salamander mystics
  4 flayed ghosts
  3 cherubim (Shoals:4)
  A golden dragon zombie (Depths:2)
  A skeletal warrior (Vaults:3)
  4 sea snakes
  An orb spider (shapeshifter) (Vaults:4)
  60 deep trolls
  10 wizards
  6 orb spiders
  A spriggan druid (WizLab)
  10 glowing orange brains
  2 obsidian statues
  15 deep elf archers
  2 lindwurms
  25 wolf spiders
  6 orc knights
  Pikel (D:3)
  9 steelbarb worms
  7 phantasmal warriors
  24 ugly things
  29 deep elf zephyrmancers
  23 harpies
  13 ironbound convokers
  A wolf spider (shapeshifter) (Depths:1)
  9 shining eyes
  35 deep elf pyromancers
  8 necromancers
  A shining eye (shapeshifter) (D:13)
  An oklob plant (Lair:3)
  23 moths of wrath
  7 orc sorcerers
  19 fauns
  15 manticores
  11 cyclopes
  6 salamanders
  A salamander (shapeshifter) (Vaults:5)
  3 elephants (Lair:1)
  A frost giant skeleton (Depths:2)
  19 vault sentinels
  6 merfolk sirens
  4 guardian serpents (Desolation)
  7 worldbinders (WizLab)
  6 smoke demons
  A black mamba (shapeshifter) (D:15)
  A molten gargoyle (Desolation)
  4 ice statues
  5 water nymphs
  3 black mambas
  9 apocalypse crabs (Zot:2)
  10 cane toads
  3 torpor snails
  A cane toad (shapeshifter) (D:13)
  Jeremiah (D:8)
  3 gargoyles
  3 rime drakes
  A komodo dragon (shapeshifter) (Vaults:5)
  2 freezing wraiths
  A kobold demonologist (Elf:1)
  15 yaktaurs
  3 efreet
  11 tengu conjurers
  8 komodo dragons
  9 trolls
  6 polar bears
  A meliai (shapeshifter) (Vaults:3)
  31 merfolk
  A queen bee (shapeshifter) (Elf:3)
  A queen bee (Lair:2)
  2 polar bears (shapeshifter)
  2 hellwings (D:9)
  4 meliai
  32 tarantellas
  12 hornets
  35 saltlings (Desolation)
  5 blink frogs
  3 wind drakes
  11 dream sheep
  12 snapping turtles
  Sigmund (D:6)
  36 jumping spiders
  144 slime creatures
  22 culicivoras
  15 water elementals
  3 shadows
  A spriggan skeleton (Depths:2)
  18 spriggans
  4 air elementals
  30 yaks
  A ynoxinul (Gauntlet)
  A dire elephant simulacrum (IceCv)
  10 wraiths
  A basilisk (shapeshifter) (Elf:2)
  4 wyverns
  3 fire elementals
  7 golden eyes
  4 basilisks
  5 vampire mosquitoes
  66 redbacks
  A death yak simulacrum (IceCv)
  5 steam dragons
  Menkaure (D:4)
  4 wargs
  A harpy simulacrum (IceCv)
  An acid dragon (D:12)
  17 water moccasins
  3 floating eyes
  An ice beast (D:5)
  62 orc warriors
  2 sky beasts
  6 black bears
  17 ogres
  38 wolves
  10 centaurs
  5 boggarts
  5 phantoms
  3 kobold brigands
  A gnoll sergeant (D:11)
  10 bullfrogs
  7 earth elementals
  3 scorpions
  Dowan (D:6)
  8 wights
  32 killer bees
  An elephant simulacrum (IceCv)
  4 electric eels (Lair:1)
  3 howler monkeys
  A crimson imp (Gauntlet)
  A jelly (shapeshifter) (Vaults:5)
  13 jellies
  33 orc priests
  2 gnoll boudas
  3 hounds
  3 iron imps (Gauntlet)
  2 sleepcaps
  32 orc wizards
  8 hell rats
  An iguana (D:7)
  3 polar bear simulacra (IceCv)
  A wolf simulacrum (IceCv)
  Robin (D:4)
  8 adders
  15 gnolls
  A shadow imp (D:5)
  A white imp (D:6)
  4 ufetubi
  3 worms
  2 dart slugs
  132 orcs
  4 ball pythons
  4 bats
  8 endoplasms
  3 giant cockroaches
  13 goblins
  8 hobgoblins
  3 frilled lizards
  9 kobolds
  7 rats
  A butterfly (Lair:1)
  27 fire vortices (Depths:2)
  2 spectral weapons
  6 tentacles
2719 creatures vanquished.

Vanquished Creatures (collateral kills)
  Vv (Depths:1)
  Asterion (Spider:4)
  2 azure jellies (Slime:5)
  Louise (Shoals:1)
  Snorg (Orc:1)
  An iron troll (Depths:4)
  A water nymph (Shoals:1)
  A slime creature (Slime:2)
  A glowing shapeshifter zombie (Depths:2)
  Duvessa (D:6)
  A sleepcap (D:8)
  A gnoll (D:11)
  An orc (D:8)
  A spectral weapon (Spider:4)
15 creatures vanquished.

Vanquished Creatures (others)
  A stone giant (Depths:3)
  A deep elf zephyrmancer (Elf:2)
  A saltling (Desolation)
  An orc priest (Orc:2)
  A hell rat (Lair:1)
  An orc (Orc:2)
  33 fire vortices
  9 spectral weapons
  5 tentacles (Shoals:1)
53 creatures vanquished.

Grand Total: 2787 creatures vanquished

Notes
Turn   | Place    | Note
-------+----------+-------------------------------------------
     0 | D:1      | Forgeling the Djinni Hedge Wizard began the quest for the
                  | Orb.
     0 | D:1      | Forgeling set off with the following spells memorised:
                  | Magic Dart, Slow, Blink, Call Imp, Mephitic Cloud.
     0 | D:1      | Reached XP level 1. HP: 15/15 MP: 0/0
   308 | D:1      | Reached XP level 2. HP: 17/21 MP: 0/0
   544 | D:1      | Found a faded altar of an unknown god.
   552 | D:1      | Reached XP level 3. HP: 23/25 MP: 0/0
   552 | D:1      | Learned a level 1 spell: Shock
   656 | D:1      | Prayed at the altar of an unknown god.
   656 | D:1      | Became a worshipper of Qazlal Stormbringer
   656 | D:1      | Reached * piety under Qazlal
  1163 | D:2      | Found Ferchetay's Magic Scroll Boutique.
  1196 | D:2      | Reached XP level 4. HP: 27/31 MP: 0/0
  1970 | D:3      | Reached XP level 5. HP: 34/35 MP: 0/0
  1970 | D:3      | Learned a level 2 spell: Lesser Beckoning
  2010 | D:3      | Found Pos Sats's Distillery.
  2108 | D:2      | Bought a scroll of blinking for 90 gold pieces
  2147 | D:3      | Found an opulent altar of Gozag.
  2356 | D:3      | Found a blossoming altar of Fedhas.
  2357 | D:3      | Found a burning altar of Makhleb.
  2359 | D:3      | Found an ornate altar of the Wu Jian Council.
  2360 | D:3      | Found a shadowy altar of Dithmenos.
  2647 | D:4      | Noticed a lemure
  2648 | D:4      | Noticed a lemure
  2726 | D:3      | Reached skill level 5 in Spellcasting
  2726 | D:3      | Reached skill level 5 in Conjurations
  2726 | D:3      | Reached skill level 5 in Hexes
  2726 | D:3      | Reached skill level 5 in Summonings
  2726 | D:3      | Reached skill level 5 in Necromancy
  2726 | D:3      | Reached skill level 5 in Translocations
  2726 | D:3      | Reached skill level 5 in Transmutations
  2726 | D:3      | Reached skill level 5 in Fire Magic
  2726 | D:3      | Reached skill level 5 in Ice Magic
  2726 | D:3      | Reached skill level 5 in Air Magic
  2726 | D:3      | Reached skill level 5 in Earth Magic
  2726 | D:3      | Reached skill level 5 in Poison Magic
  2726 | D:3      | Reached XP level 6. HP: 25/40 MP: 0/0
  2912 | D:4      | Noticed Menkaure
  2924 | D:4      | Reached ** piety under Qazlal
  2968 | D:4      | Noticed Pikel
  2988 | D:3      | Killed Pikel
  2989 | D:3      | Reached XP level 7. HP: 42/45 MP: 0/0
  2989 | D:3      | Learned a level 3 spell: Volatile Blastmotes
  3000 | D:3      | Reached XP level 8. HP: 39/50 MP: 0/0
  3345 | D:4      | Noticed Robin
  3358 | D:4      | Killed Robin
  3676 | D:4      | Reached skill level 1 in Fighting
  3676 | D:4      | Reached skill level 1 in Short Blades
  4015 | D:4      | Killed Menkaure
  4465 | D:4      | Found a staircase to the Ecumenical Temple.
  4568 | D:4      | Found Acasai Tudas's Book Boutique.
  4661 | D:5      | Entered Level 5 of the Dungeon
  4716 | D:5      | Reached *** piety under Qazlal
  4725 | D:5      | Reached XP level 9. HP: 55/60 MP: 0/0
  4725 | D:5      | Learned a level 3 spell: Dazzling Flash
  5184 | D:5      | Reached skill level 5 in Short Blades
  5573 | D:6      | Noticed Dowan
  5618 | D:6      | Killed Dowan
  5619 | D:6      | Reached skill level 5 in Stealth
  5651 | D:6      | Noticed Duvessa
  5666 | D:6      | Killed Duvessa
  6263 | D:6      | Reached XP level 10. HP: 27/67 MP: 0/0
  6452 | D:6      | Noticed Sigmund
  6467 | D:6      | Killed Sigmund
  7462 | D:7      | Reached **** piety under Qazlal
  8346 | D:8      | Reached skill level 10 in Spellcasting
  8346 | D:8      | Reached skill level 10 in Conjurations
  8346 | D:8      | Reached skill level 10 in Hexes
  8346 | D:8      | Reached skill level 10 in Summonings
  8346 | D:8      | Reached skill level 10 in Necromancy
  8346 | D:8      | Reached skill level 10 in Translocations
  8346 | D:8      | Reached skill level 10 in Transmutations
  8346 | D:8      | Reached skill level 10 in Fire Magic
  8346 | D:8      | Reached skill level 10 in Ice Magic
  8346 | D:8      | Reached skill level 10 in Air Magic
  8346 | D:8      | Reached skill level 10 in Earth Magic
  8346 | D:8      | Reached skill level 10 in Poison Magic
  8360 | D:8      | Reached skill level 1 in Evocations
  8982 | D:8      | Reached skill level 5 in Fighting
  9045 | D:8      | Noticed Jeremiah
  9058 | D:8      | Killed Jeremiah
  9059 | D:8      | Reached XP level 11. HP: 67/75 MP: 0/0
  9059 | D:8      | Learned a level 5 spell: Borgnjor's Vile Clutch
  9633 | D:9      | Reached skill level 5 in Evocations
  9762 | D:9      | Noticed a two-headed ogre
  9776 | D:9      | Killed a two-headed ogre
  9940 | D:9      | Found a large runed translucent door.
 10157 | D:9      | Found a large runed translucent door.
 10361 | D:9      | Noticed a two-headed ogre
 10375 | D:9      | Killed a two-headed ogre
 10375 | D:9      | Reached ***** piety under Qazlal
 10433 | D:9      | Found a basalt altar of Yredelemnul.
 10436 | D:9      | Found a glowing silver altar of Zin.
 10457 | D:10     | Entered Level 10 of the Dungeon
 11120 | D:10     | Noticed a two-headed ogre
 11131 | D:10     | Noticed a two-headed ogre
 11132 | D:10     | Killed a two-headed ogre
 11133 | D:10     | Reached XP level 12. HP: 58/81 MP: 0/0
 11159 | D:10     | Killed a two-headed ogre
 11656 | D:11     | Found Ithruav's Antique Weapon Boutique.
 11808 | D:11     | Found a staircase to the Lair.
 12040 | D:11     | Identified the +9 dagger "Kanwae" {spect, Str+3}
 12399 | IceCv    | Identified the "Matrylef"
 12399 | Lair:1   | Entered Level 1 of the Lair of Beasts
 12554 | Lair:1   | Reached skill level 1 in Invocations
 12599 | Lair:1   | You are sucked into a shaft and drop 1 floor!
 12884 | Lair:1   | Found a frozen archway.
 12893 | IceCv    | Entered an ice cave
 13043 | IceCv    | HP: 4/85 [ice beast[an ice statue] (6)]
 13183 | IceCv    | Reached skill level 5 in Invocations
 13183 | IceCv    | Reached XP level 13. HP: 68/90 MP: 0/0
 13183 | IceCv    | Learned a level 5 spell: Freezing Cloud
 13350 | Lair:1   | Found a runed translucent door.
 13351 | Lair:1   | Noticed Dicwisan's ghost (journeyman GrEE)
 14117 | Lair:2   | Reached ****** piety under Qazlal
 14167 | Lair:2   | Found a hole to the Spider Nest.
 14310 | Lair:2   | Reached skill level 10 in Fighting
 15137 | Lair:3   | Noticed an eight-headed hydra
 15144 | Lair:3   | Killed an eight-headed hydra
 15606 | Lair:3   | Found a stormy altar of Qazlal.
 15900 | Lair:3   | Found a staircase to the Shoals.
 16175 | Lair:4   | Identified the of Decwyat
 16209 | Lair:4   | Reached XP level 14. HP: 100/103 MP: 0/0
 16473 | Lair:4   | Found a viscous altar of Jiyva.
 16473 | Lair:4   | Found a staircase to the Slime Pits.
 16513 | Lair:4   | Found a runed translucent door.
 16514 | Lair:4   | Noticed niangp's ghost (journeyman MiBe)
 17044 | Lair:5   | Entered Level 5 of the Lair of Beasts
 17951 | Lair:5   | Identified the ring "Fujej" {rF+ rN+ Dex+3 SInv}
 18343 | D:2      | Bought a scroll of identify for 24 gold pieces
 18343 | D:2      | Bought a scroll of revelation for 90 gold pieces
 18519 | D:12     | Found a gate leading to a gauntlet.
 18523 | Gauntlet | Entered a Gauntlet
 18523 | Gauntlet | Found a transporter.
 18523 | Gauntlet | Found a transporter.
 18524 | Gauntlet | Found a transporter.
 18527 | Gauntlet | Found a transporter.
 18527 | Gauntlet | Found a transporter.
 18541 | Gauntlet | Found a transporter.
 18547 | Gauntlet | Found a transporter.
 18562 | Gauntlet | Found a transporter.
 18585 | Gauntlet | Found a transporter.
 18612 | Gauntlet | Found a transporter.
 18630 | Gauntlet | Found a transporter.
 18685 | Gauntlet | Found a transporter.
 18744 | Gauntlet | Reached skill level 10 in Evocations
 18832 | Gauntlet | Identified the ring of Dishonesty {Str+6 Int+2}
 18876 | Gauntlet | Noticed a minotaur
 18891 | Gauntlet | Killed a minotaur
 18897 | Gauntlet | Found the +3 greatsling "Punk" {acid, rCorr}
 18986 | D:12     | Reached skill level 10 in Invocations
 19075 | D:12     | Found Ryin's Distillery.
 19084 | D:12     | Bought a potion of attraction for 48 gold pieces
 19237 | D:12     | Found Jicrot's Weapon Shop.
 19238 | D:12     | Found a staircase to the Orcish Mines.
 19240 | D:12     | Found Usar's Armour Shop.
 20046 | D:13     | Reached XP level 15. HP: 76/107 MP: 0/0
 20046 | D:13     | Learned a level 6 spell: Eringya's Noxious Bog
 20402 | D:13     | Reached skill level 5 in Dodging
 20758 | D:13     | Found a gate to the Vaults.
 20854 | D:13     | Found a glowing golden altar of the Shining One.
 22022 | D:15     | Entered Level 15 of the Dungeon
 22022 | D:15     | Found Piatau's Magic Scroll Emporium.
 22026 | D:15     | Bought a scroll of identify for 38 gold pieces
 22026 | D:15     | Bought a scroll of identify for 38 gold pieces
 22692 | D:15     | Reached XP level 16. HP: 96/113 MP: 0/0
 23148 | D:15     | Found a staircase to the Depths.
 23453 | Orc:1    | Entered Level 1 of the Orcish Mines
 23456 | Orc:1    | Noticed Snorg
 23462 | Orc:1    | Killed Snorg
 23961 | Orc:1    | Found a transporter.
 23961 | Orc:1    | Found Hucon's Antique Weapon Shop.
 24283 | Orc:1    | Found a transporter.
 24363 | Orc:2    | Entered Level 2 of the Orcish Mines
 25002 | Orc:2    | Reached skill level 1 in Armour
 25279 | Orc:2    | Found a staircase to the Elven Halls.
 25451 | Orc:2    | Gained mutation: You are dopey. (Int -2) [a neqoxec]
 25619 | Orc:2    | Found Soros's General Store.
 25679 | Orc:2    | Found Zeympy's Antique Armour Shoppe.
 25739 | Orc:2    | Bought the +3 hat of Pondering {ponderous, Will+ MP+10
                  | Int+5} for 1447 gold pieces
 25739 | Orc:2    | Found the +3 hat of Pondering {ponderous, Will+ MP+10
                  | Int+5}
 25931 | Orc:2    | Reached skill level 10 in Dodging
 25939 | Orc:2    | Found Iprirgh's Book Boutique.
 26007 | Orc:2    | Found Otyjyurch's Armour Shop.
 26418 | Spider:1 | Entered Level 1 of the Spider Nest
 26582 | Spider:1 | Reached skill level 1 in Shields
 26759 | Spider:1 | Reached XP level 17. HP: 66/121 MP: 0/0
 26759 | Spider:1 | Learned a level 6 spell: Bombard
 26923 | Spider:1 | Noticed Josephine
 26939 | Spider:1 | Killed Josephine
 26940 | Spider:1 | Reached skill level 5 in Shields
 28583 | Spider:2 | Reached skill level 10 in Shields
 30097 | Spider:3 | Reached XP level 18. HP: 85/128 MP: 0/0
 30622 | Spider:4 | Entered Level 4 of the Spider Nest
 30628 | Spider:4 | Noticed Asterion
 30636 | Spider:4 | Killed Asterion
 30652 | Spider:4 | Reached skill level 15 in Spellcasting
 30652 | Spider:4 | Reached skill level 15 in Conjurations
 30652 | Spider:4 | Reached skill level 15 in Hexes
 30652 | Spider:4 | Reached skill level 15 in Summonings
 30652 | Spider:4 | Reached skill level 15 in Necromancy
 30652 | Spider:4 | Reached skill level 15 in Translocations
 30652 | Spider:4 | Reached skill level 15 in Transmutations
 30652 | Spider:4 | Reached skill level 15 in Fire Magic
 30652 | Spider:4 | Reached skill level 15 in Ice Magic
 30652 | Spider:4 | Reached skill level 15 in Air Magic
 30652 | Spider:4 | Reached skill level 15 in Earth Magic
 30652 | Spider:4 | Reached skill level 15 in Poison Magic
 31634 | Spider:4 | Got a gossamer rune of Zot
 31640 | Spider:4 | Identified the +4 hat "Ashuru" {rN++ Int+3}
 31889 | Shoals:1 | Entered Level 1 of the Shoals
 32248 | Shoals:1 | Noticed Louise
 32258 | Shoals:1 | Killed Louise
 32610 | Shoals:1 | Noticed Mlioglotl
 32623 | Shoals:1 | Killed Mlioglotl
 32840 | Shoals:1 | Noticed a kraken
 32847 | Shoals:1 | Killed a kraken
 32848 | Shoals:1 | Reached XP level 19. HP: 79/135 MP: 0/0
 32848 | Shoals:1 | Learned a level 7 spell: Ozocubu's Refrigeration
 33492 | Shoals:2 | Noticed Polyphemus
 33779 | Shoals:2 | Killed Polyphemus
 33792 | Shoals:2 | Noticed Ilsuiw
 33814 | Shoals:2 | Killed Ilsuiw
 34082 | Shoals:2 | Found a runed translucent gate.
 34082 | Shoals:2 | Found a runed translucent gate.
 34082 | Shoals:2 | Found a runed translucent gate.
 34085 | Shoals:2 | Found Umaplolyiss's Assorted Antiques.
 34085 | Shoals:2 | Found an opulent altar of Gozag.
 34086 | Shoals:2 | Noticed Unonal's ghost (adept TeAE)
 34531 | Shoals:3 | Found Iblyqayr's Jewellery Emporium.
 34603 | Shoals:3 | Bought the amulet of Abuf Zene {Contam rC+++ Regen+ Str+5
                  | Slay+3} for 1163 gold pieces
 34632 | Shoals:3 | Found Hisashro's Weapon Shoppe.
 34655 | Shoals:3 | Found Yfoudan's General Store.
 34753 | Shoals:3 | Identified the +1 long sword of Fain Ose {flame, *Rage
                  | +Blink rN+}
 34789 | Shoals:3 | Found Uriss's Weapon Shop.
 35339 | Shoals:4 | Entered Level 4 of the Shoals
 35383 | Shoals:4 | Identified the +1 pair of gloves of Chill Winds {rF+ Int+2
                  | Dex+3}
 35383 | Shoals:4 | Noticed Nikola
 35458 | Shoals:2 | Found Oguts's Assorted Antiques.
 35663 | Vaults:1 | Entered Level 1 of the Vaults
 36184 | Vaults:1 | Reached XP level 20. HP: 141/141 MP: 0/0
 37006 | Vaults:2 | Found a crumbling gateway.
 37112 | Desolati | Entered the Desolation of Salt
 37165 | Desolati | Identified the +0 leather armour "Boofo" {rF+++ Int-3
                  | Dex+4}
 37299 | Desolati | Identified the ring "Xuty" {Ice Contam rElec rPois rN+}
 37391 | Desolati | Identified the +12 morningstar of the Skies Above {flame,
                  | Str+3}
 37391 | Desolati | Identified the +2 robe "Qewn" {+Blink Will+ Str+2 Dex-4}
 37518 | Desolati | Identified the amulet of Beocsoe Vege {rC+ Regen+}
 37578 | Desolati | Identified the ring "Idghoemoh" {rElec rPois Dex+2}
 37669 | Desolati | Identified the +3 chain mail of Roiw {Harm Fly rC+ SInv}
 37739 | Desolati | Identified the +1 short sword of Werotaca {freeze, rElec}
 37792 | Desolati | Identified the amulet of the Manifold Tusks {Reflect rPois
                  | Int+2 Dex+2 SH+5}
 37814 | Desolati | Identified the +3 plate armour of Calculation {rElec rPois
                  | Int+3 Stlth+}
 37815 | Desolati | Identified the ring "Taaxim" {rF+ MP+9}
 37979 | Vaults:2 | You are sucked into a shaft and drop 2 floors!
 38082 | Vaults:4 | Identified the ring "Geycum" {Fly rF+ rC- Int+4 Dex+6}
 38161 | Vaults:4 | Noticed Margery
 38169 | Vaults:4 | Killed Margery
 38702 | Vaults:2 | Reached XP level 21. HP: 147/149 MP: 0/0
 38702 | Vaults:2 | Learned a level 7 spell: Orb of Destruction
 38792 | Vaults:2 | Found the +6 lightning scales {swift, rElec}
 40049 | Vaults:3 | Reached skill level 15 in Shields
 40097 | Vaults:3 | Found a staircase to the Crypt.
 41684 | Shoals:4 | Killed Nikola
 41685 | Shoals:4 | Reached skill level 15 in Fighting
 41685 | Shoals:4 | Reached XP level 22. HP: 138/161 MP: 0/0
 41728 | Shoals:4 | Identified the ring of Zenay {rF+ Dex+3}
 41733 | Shoals:4 | Identified the ring of Plog {Fire *Slow Str+4}
 41778 | Shoals:4 | Identified the +1 plate armour of Koumuot {rF+}
 41857 | Shoals:4 | Found a glowing golden altar of the Shining One.
 41922 | Shoals:4 | Found a glowing silver altar of Zin.
 42171 | Shoals:4 | Reached skill level 15 in Dodging
 42239 | Shoals:4 | Got a barnacled rune of Zot
 42270 | Shoals:4 | Found a white marble altar of Elyvilon.
 42482 | Shoals:4 | Identified a scroll of acquirement
 42490 | Shoals:4 | Acquired a manual of Fire Magic
 42739 | Vaults:5 | Identified the of Tovicumn
 42739 | Crypt:1  | Identified the "Sizetuda"
 42739 | Depths:4 | Identified the of Doefa
 42739 | Elf:1    | Entered Level 1 of the Elven Halls
 42817 | Elf:1    | Found Dyoh's Jewellery Shop.
 43148 | Elf:1    | Paralysed by an air elemental for 1 turns
 43798 | WizLab   | Identified the "Uppunum"
 43852 | Elf:2    | Found a magical portal.
 43909 | WizLab   | Entered Alistair's Party Mansion
 44095 | WizLab   | Reached XP level 23. HP: 156/166 MP: 0/0
 44095 | WizLab   | Learned a level 7 spell: Haunt
 44151 | WizLab   | Noticed a golden dragon
 44151 | WizLab   | Noticed a golden dragon
 44244 | WizLab   | Noticed a golden dragon
 44615 | Elf:2    | Found a runed translucent gate.
 44616 | Elf:2    | Found a runed translucent gate.
 44616 | Elf:2    | Found a runed translucent gate.
 44645 | Elf:2    | Paralysed by an air elemental for 1 turns
 45181 | Elf:3    | Entered Level 3 of the Elven Halls
 45844 | Elf:3    | Identified the +8 broad axe "Geruliammy" {freeze, Drain
                  | Will- Str+6 Int+2}
 45858 | Elf:3    | Identified the +8 war axe of Arrival {flame, rC+ MP+9}
 45858 | Elf:3    | Identified the amulet of the Meager God {rPois Regen+
                  | Int+5}
 45905 | Elf:3    | Identified the ring of Viyxkif {rF+ rCorr Int-2 SInv}
 45907 | Elf:3    | Identified the staff of Ipse Dixit {rElec rF+ Stlth+ Air}
 45962 | Elf:3    | Acquired 974 gold pieces
 46036 | Elf:3    | Identified the +0 plate armour of Jigsaw {rN+ Int+3}
 46242 | Elf:3    | Found a runed translucent door.
 46921 | Shoals:2 | Reached XP level 24. HP: 131/173 MP: 0/0
 46945 | Shoals:2 | Killed Unonal's ghost
 47046 | Shoals:2 | Bought a scroll of blinking for 330 gold pieces
 47134 | Lair:4   | Killed niangp's ghost
 47223 | Lair:1   | Killed Dicwisan's ghost
 47351 | Depths:1 | Entered Level 1 of the Depths
 47606 | Depths:1 | Found a hazy altar of Hepliaklqana.
 47941 | Depths:1 | Found a gateway to Hell.
 48259 | Depths:1 | Noticed Norris
 48274 | Depths:1 | Killed Norris
 48619 | Depths:1 | Noticed a golden dragon
 48628 | Depths:1 | Killed a golden dragon
 48662 | Depths:1 | Identified the +7 arbalest of Dixiodu {penet, rF+ Str-3
                  | Dex+3 Stlth+}
 48663 | Depths:1 | Identified the +2 helmet "Qoisaago" {rElec rPois Dex+3
                  | Stlth-}
 48920 | Depths:2 | Noticed a caustic shrike
 48923 | Depths:2 | Noticed a caustic shrike
 48997 | Depths:2 | Noticed Vv
 49166 | Depths:2 | Noticed a caustic shrike
 49248 | Depths:2 | Killed a caustic shrike
 49260 | Depths:1 | Killed Vv
 49415 | Depths:2 | Reached XP level 25. HP: 140/178 MP: 0/0
 49415 | Depths:2 | Learned a level 9 spell: Fire Storm
 49426 | Depths:1 | Killed a caustic shrike
 49908 | Depths:1 | Killed a caustic shrike
 50326 | Depths:2 | Noticed Bai Suzhen
 50335 | Depths:2 | Killed Bai Suzhen
 50363 | Depths:2 | Found a one-way gate leading to the halls of Pandemonium.
 50865 | Depths:2 | Reached skill level 27 in Fire Magic
 51237 | Depths:3 | Reached XP level 26. HP: 174/184 MP: 0/0
 51500 | Depths:3 | Noticed Mennas
 51504 | Depths:3 | Killed Mennas
 51549 | Depths:3 | Found a corrupted altar of Lugonu.
 51550 | Depths:3 | Found a one-way gate to the infinite horrors of the Abyss.
 51604 | Depths:3 | Reached skill level 5 in Armour
 51923 | Depths:3 | Identified the +6 shortbow of the First Xenops {freeze,
                  | +Blink rC- Dex+3 Stlth+}
 52102 | Depths:3 | Found a blossoming altar of Fedhas.
 52237 | Depths:4 | Entered Level 4 of the Depths
 52430 | Depths:4 | Found a one-way gateway to a ziggurat.
 52513 | Depths:4 | Noticed an ancient lich
 52524 | Depths:4 | Noticed a juggernaut
 52540 | Depths:4 | Killed an ancient lich
 52541 | Depths:4 | Killed a juggernaut
 52626 | Depths:4 | Found a white marble altar of Elyvilon.
 52627 | Depths:4 | Found a snail-covered altar of Cheibriados.
 52628 | Depths:4 | Found a shadowy altar of Dithmenos.
 52755 | Depths:4 | Found a gate to the Realm of Zot.
 52857 | Depths:4 | Reached XP level 27. HP: 181/193 MP: 0/0
 52857 | Depths:4 | Learned a level 9 spell: Chain Lightning
 53404 | Depths:4 | Noticed a dread lich
 53410 | Depths:4 | Killed a dread lich
 53470 | Depths:4 | Identified the ring of Huybrel {*Slow rPois Will+++ Int+2
                  | SInv}
 53552 | Depths:4 | Identified the +1 arbalest "Potre" {flame, MP+9}
 53593 | Depths:4 | Noticed an ancient lich
 53594 | Depths:4 | Killed an ancient lich
 54001 | Slime:1  | Entered Level 1 of the Pits of Slime
 54001 | Slime:1  | Found a viscous altar of Jiyva.
 54016 | Slime:1  | Reached skill level 10 in Armour
 54127 | Slime:2  | Paralysed by a floating eye for 2 turns
 54196 | Slime:3  | Noticed Dissolution
 54199 | Slime:3  | Killed Dissolution
 54206 | Slime:2  | Gained mutation: You are very vulnerable to cold. (rC--) [a
                  | shining eye]
 54326 | Slime:3  | Gained mutation: Your spells are a little harder to cast,
                  | but a little more powerful. [a shining eye]
 54491 | Slime:5  | Entered Level 5 of the Pits of Slime
 54518 | Slime:5  | Gained mutation: You are very dopey. (Int -4) [a shining
                  | eye]
 54785 | Slime:5  | Noticed the Royal Jelly
 54789 | Slime:5  | Killed the Royal Jelly
 54844 | Slime:5  | Identified the +1 chain mail of Cexkaudi {-Tele rPois
                  | Slay+4 Stlth+}
 54845 | Slime:5  | Identified the ring "Xempe" {rF- Will+ Str+2 Dex+2}
 54847 | Slime:5  | Identified the ring of Xeokhe {rPois Int+7}
 54883 | Slime:5  | Identified the +12 short sword of Eternity {venom, rElec
                  | rN+ Int+3}
 54935 | Slime:5  | Identified the +12 rapier of Cunk {vamp, Contam rElec rC+
                  | Str+3}
 54936 | Slime:5  | Identified the +11 mace "Qoihy" {elec, *Slow rPois rN+
                  | Str+6}
 54938 | Slime:5  | Got a slimy rune of Zot
 54941 | Slime:5  | Identified the +8 halberd "Foddei" {flame, Int+5}
 54976 | Slime:5  | Identified the staff "Xesog" {rElec rCorr SInv Air}
 54997 | Slime:5  | Identified the +10 whip "Killer Bee's Peril" {heavy, rPois
                  | rF+ Str+2}
 55440 | Vaults:5 | Entered Level 5 of the Vaults
 55443 | Vaults:5 | Noticed a dread lich
 55467 | Vaults:5 | Killed a dread lich
 55581 | Vaults:5 | Noticed an ancient lich
 55674 | Vaults:5 | Killed an ancient lich
 55755 | Vaults:5 | Identified the +3 scale mail of Reapt {Regen+ Int+9}
 55756 | Vaults:5 | Identified the amulet of Votue {RegenMP Rampage}
 56249 | Vaults:5 | Identified the +9 lajatang of Welfare {heavy, rPois Will+
                  | Str+3 SInv}
 56283 | Vaults:5 | Noticed a dread lich
 56284 | Vaults:5 | Killed a dread lich
 56348 | Vaults:5 | Identified the +9 great sword of Zuyfygau {vamp, rC+ Str+3
                  | Int-4}
 56510 | Vaults:5 | Identified the amulet "Buorchevo" {rN+ Will- Regen+ Dex+8}
 56578 | Vaults:5 | Identified the +0 ice dragon scales of the Tarantula {rF-
                  | rC++ rN++ Dex+3}
 56591 | Vaults:5 | Identified the staff "Canibamo" {Contam rElec Dex+5 Air}
 56595 | Vaults:5 | Identified the staff of Gozag's Scorn {Int+3 Earth}
 56663 | Vaults:5 | Identified the +7 mace of Offence {heavy, Contam rN+ Str+3}
 56669 | Vaults:5 | Identified the staff of Slow Death {rPois rF+ Fire}
 56716 | Vaults:5 | Identified the +5 chain mail of Ketse {rF- MP+9 Dex+8
                  | Stlth-}
 56869 | Vaults:5 | Got a silver rune of Zot
 58021 | Zot:1    | Entered Level 1 of the Realm of Zot
 59093 | Zot:2    | Found the +4 dragonskin cloak
 59093 | Zot:2    | Noticed Tiamat
 59158 | Zot:2    | Reached skill level 27 in Spellcasting
 59158 | Zot:2    | Reached skill level 27 in Conjurations
 59158 | Zot:2    | Reached skill level 27 in Hexes
 59158 | Zot:2    | Reached skill level 27 in Summonings
 59158 | Zot:2    | Reached skill level 27 in Necromancy
 59158 | Zot:2    | Reached skill level 27 in Translocations
 59158 | Zot:2    | Reached skill level 27 in Transmutations
 59158 | Zot:2    | Reached skill level 27 in Ice Magic
 59158 | Zot:2    | Reached skill level 27 in Air Magic
 59158 | Zot:2    | Reached skill level 27 in Earth Magic
 59158 | Zot:2    | Reached skill level 27 in Poison Magic
 59608 | Zot:2    | Killed Tiamat
 60383 | Zot:2    | Identified the +10 broad axe of Doom {drain, rN+ Dex+2}
 62853 | Zot:5    | Entered Level 5 of the Realm of Zot
 63053 | Zot:5    | Identified the ring of the Vanishing Princes {rElec rF+ rN+
                  | Will- rCorr Dex+3}
 63058 | Zot:5    | Noticed a dread lich
 63063 | Zot:5    | Noticed an ancient lich
 63074 | Zot:5    | Killed a dread lich
 63076 | Zot:5    | Killed an ancient lich
 63269 | Zot:5    | Noticed a dread lich
 63271 | Zot:5    | Killed a dread lich
 63393 | Zot:5    | Noticed an orb of fire
 63395 | Zot:5    | Noticed a Killer Klown
 63395 | Zot:5    | Noticed an orb of fire
 63396 | Zot:5    | Killed an orb of fire
 63399 | Zot:5    | Killed an orb of fire
 63399 | Zot:5    | Killed a Killer Klown
 63400 | Zot:5    | Noticed an ancient lich
 63400 | Zot:5    | Noticed a Killer Klown
 63430 | Zot:5    | Killed an ancient lich
 63541 | Zot:5    | Noticed an orb of fire
 63544 | Zot:5    | Killed an orb of fire
 63554 | Zot:5    | Killed a Killer Klown
 63661 | Zot:5    | Noticed an orb of fire
 63667 | Zot:5    | Gained mutation: You occasionally lose the ability to read
                  | scrolls when taking damage. [an orb of fire]
 63668 | Zot:5    | Killed an orb of fire
 63831 | Zot:5    | Noticed an orb of fire
 63834 | Zot:5    | Killed an orb of fire
 64069 | Zot:5    | Noticed a dread lich
 64070 | Zot:5    | Noticed a Killer Klown
 64071 | Zot:5    | Paralysed by a dread lich for 5 turns
 64076 | Zot:5    | Killed a Killer Klown
 64077 | Zot:5    | Killed a dread lich
 64306 | Zot:5    | Noticed a Killer Klown
 64309 | Zot:5    | Killed a Killer Klown
 64439 | Zot:5    | Got the Orb of Zot
 64444 | Zot:5    | Noticed Kewoe the pandemonium lord
 64448 | Zot:5    | Killed Kewoe the pandemonium lord
 64561 | Depths:4 | Lost mutation: You are very vulnerable to cold. (rC--)
                  | [potion of mutation]
 64561 | Depths:4 | Lost mutation: You are very dopey. (Int -4) [potion of
                  | mutation]
 64561 | Depths:4 | Gained mutation: You passively map a small area around you.
                  | [potion of mutation]
 64561 | Depths:4 | Gained mutation: You are robust. (+10% HP) [potion of
                  | mutation]
 64565 | Depths:4 | Lost mutation: You are dopey. (Int -2) [potion of mutation]
 64565 | Depths:4 | Lost mutation: You occasionally lose the ability to read
                  | scrolls when taking damage. [potion of mutation]
 64565 | Depths:4 | Lost mutation: Your spells are a little harder to cast, but
                  | a little more powerful. [potion of mutation]
 64813 | D:9      | Noticed Engul the pandemonium lord
 64814 | D:9      | Killed Engul the pandemonium lord
 64985 | D:$      | Escaped with the Orb!

Illustrated notes

Levels and vault maps discovered:
D:1:      dpeg_arrival_castle, layout_loops_cross,
          shapermc_ecumenical_altar_rom_forum, grunt_decor_one_mirror
D:2:      layout_loops_corners, serial_shops, shop, kennysheep_big_empty_room,
          grunt_ministairs_8
D:3:      layout_basic, amcnicky_altar_gilded, minitemple, serial_shops, shop,
          glass_columns_b, chequers_serial_rivers_marsh
D:4:      layout_rooms, minmay_temple_entry_overgrown, serial_shops,
          nicolae_shop_pleasant_corner_grove, serial_glass, glass_columns_a,
          glass_columns_c, ebering_dispersal_statue_hall, minmay_manual_maat,
          uniq_pikel, uniq_menkaure, uniq_robin
D:5:      layout_loops_cross
D:6:      layout_basic, uniq_duvessa, uniq_sigmund
D:7:      layout_cave_pools, grunt_ogre_cave, dreamdust_princess_corridor,
          dreamdust_gnoll_farm
D:8:      layout_basic, minmay_joined_circles, uniq_jeremiah
D:9:      layout_long_grid, jmf_multi_god_temple2, minmay_misc_feat_tiny
D:10:     layout_loops_corners
D:11:     layout_roguey, lair_entry_dummy, serial_shops,
          nicolae_shop_hallway_plus
D:12:     layout_long_grid, orc_david_3, serial_shops, shop,
          gauntlet_entry_generic, centaur_isle
D:13:     layout_basic, erik_vaults_2, tso_oasis_becter
D:14:     layout_gridville, minmay_misc_feat_tower,
          nicolae_elevator_lobby_asterisk
D:15:     hellmonk_depths_entry_around_the_bend, layout_layer_cave,
          chequers_jeans, serial_shops, nicolae_shop_pleasant_corner_grove
Lair:1:   layout_layer_cave, ebering_ghost_reflecting_pool,
          portal_ice_cave_entry_pillars_1, minivault_11, serial_bayou_lagoon_b,
          lemuel_fruit_fields
Lair:2:   regret_index_combs_of_tragedy, layout_loops_ring,
          nicolae_spider_entry_tight_spaces, eino_small_chamber_without_monster
Lair:3:   layout_regular_city, minmay_shoals_entry_hut, lemuel_oklob_altar
Lair:4:   layout_roguey, slime_entry_2, ebering_ghost_reflecting_pool,
          infiniplex_staircase_pool_2
Lair:5:   minmay_lair_end_enchanted_forest, layout_cave_shapes,
          grunt_megastairs_3
Shoals:1: layout_shoals, uniq_louise, uniq_mlioglotl
Shoals:2: layout_shoals, ebering_ghost_gozag, uniq_ilsuiw, uniq_polyphemus
Shoals:3: layout_shoals, serial_shops, shop, shop, nicolae_shop_hallway_stairs,
          nicolae_shop_tiny_statue_garden
Shoals:4: shoals_end_hellmonk_holy_island, serial_shops, uniq_nikola
Spider:1: layout_cave_pods, uniq_josephine
Spider:2: layout_chambers
Spider:3: layout_chambers
Spider:4: grunt_spider_rune_parallel, uniq_asterion
Slime:1:  nicolae_slime_jelly_donut, layout_caves, basic_altar
Slime:2:  layout_caves, special_room [special_room_jelly]
Slime:3:  nicolae_slime_pool, layout_caves, nicolae_slime_barrier,
          dissolution_awaits
Slime:4:  cheibrodos_slime_lost_civilization_10, layout_caves
Slime:5:  slime_pit_nicolae_jellycorners
Orc:1:    minmay_goldmine, layout_caves, serial_shops, nicolae_shop_drivethru,
          uniq_snorg
Orc:2:    pubby_orc_utopia, serial_shops
Elf:1:    minmay_elf_arrival_plus, layout_geoelf_diagonals, basic_altar,
          serial_shops, nicolae_shop_rolling_square, hangedman_elf_disciples,
          grunt_ministairs_15, nicolae_elf_martial_mastery
Elf:2:    nicolae_elf_blades_crystal_corner, layout_geoelf_diagonals,
          infiniplex_enter_wizlab_glasses
Elf:3:    minmay_elf_hall_spiked, layout_geoelf_grid, basic_altar,
          dk_noncrumbling_2, minmay_crystal_room, nicolae_danse_macabre
Vaults:1: nicolae_vaults_shock_wave, ontoclasm_vaults_bender,
          nicolae_vaults_trapezoid_3, nicolae_vaults_tetromino_T_1,
          nicolae_vaults_oval_intersection, nicolae_vaults_hexular_roomagon,
          vaults_dpeg_ring, nicolae_vaults_wine_cellar, layout_vaults_quadrants
Vaults:2: portal_desolation_entry_garden, nicolae_vaults_storage_room_water,
          nicolae_vaults_fighting_squares, nicolae_vaults_shrinking_rooms_1,
          v_misc_24, nicolae_vaults_hallways_thing,
          nicolae_vaults_offset_grid_hallway_3, ontoclasm_vaults_ring_small,
          ontoclasm_vaults_shuriken, nicolae_vaults_surprise_closet,
          layout_vaults_ring, serial_shops, bzr_entry_road
Vaults:3: minmay_crypt_entry_simple_sparse, nicolae_vaults_door_testing_chamber,
          hangedman_vaults_corner_blocks, hangedman_vaults_corner_blocks,
          nicolae_vaults_tetromino_T_2, nicolae_vaults_storage_closets_1,
          nicolae_vaults_windows_and_doors_thing, st_hourglassy,
          nicolae_vaults_trapezoid_1, nicolae_vaults_trapezoid_2,
          layout_vaults_chaotic_city
Vaults:4: hangedman_vaults_locks, vaults_mumra_chevron, vaults_mumra_bighexcomb,
          vaults_mumra_hexcomb, nicolae_vaults_heart-shaped_vault,
          nicolae_vaults_more_shelving_2, ontoclasm_vaults_misaligned,
          nicolae_vaults_doubleplus_tesselated, grunt_vaults_bifocal,
          nicolae_vaults_little_squares_6, nicolae_vaults_rhombus_5,
          layout_vaults_maze_bifur, uniq_margery
Vaults:5: serial_shops
Depths:1: minmay_the_grid_triangle_9x9_rhombus_full
          [minmay_the_grid_triangle_9x9_warning,
          minmay_the_grid_triangle_9x9_checkered,
          minmay_the_grid_triangle_9x9_intruding_spiral,
          minmay_the_grid_triangle_9x9_zippers_vertical,
          minmay_the_grid_triangle_9x9_thin_v,
          minmay_the_grid_triangle_9x9_cache,
          minmay_the_grid_triangle_9x9_impossible_snake,
          minmay_the_grid_triangle_9x9_prize_schism], layout_gridville,
          grunt_hell_entry_dis_grunt, nicolae_hepliaklqana_monster_ancestors,
          kennysheep_random_hallway, uniq_norris
Depths:2: grunt_bent_corner, layout_cave_pools, hangedman_coc_ice_floe,
          grunt_pan_entry_spiral, nicolae_sif_muna_condensation,
          infiniplex_staircase_zigzag_2, uniq_bai_suzhen, uniq_vv
Depths:3: minmay_expanding_squares, layout_gridville, abyss_entry_flame_altar,
          fedhas_altar_1, hellmouth_3, pan_entry, hangedman_cracks_in_the_wall,
          uniq_mennas
Depths:4: hangedman_slaughterboxes, hell_entry
Zot:1:    layout_gridlike, st_stairs_14
Zot:2:    gammafunk_mikee_crab_dinner, layout_onion_interference, uniq_tiamat
Zot:3:    layout_onion_interference, grunt_megastairs_2
Zot:4:    layout_basic
Zot:5:    layout_gridville

Skill      XL: |  1  2  3  4  5  6  7  8  9 10 11 12 13 14 15 16 17 18 19 20 21 22 23 24 25 26 27 |
---------------+----------------------------------------------------------------------------------+-----
Spellcasting   | 3 4 5 6 7 8 10 11 12 13 14 16 17 18 20 21 23 24 27 | 27.0
Conjurations   | 3 4 5 6 7 8 10 11 12 13 14 16 17 18 20 21 23 24 27 | 27.0
Hexes          | 3 4 5 6 7 8 10 11 12 13 14 16 17 18 20 21 23 24 27 | 27.0
Summonings     | 3 4 5 6 7 8 10 11 12 13 14 16 17 18 20 21 23 24 27 | 27.0
Necromancy     | 3 4 5 6 7 8 10 11 12 13 14 16 17 18 20 21 23 24 27 | 27.0
Translocations | 3 4 5 6 7 8 10 11 12 13 14 16 17 18 20 21 23 24 27 | 27.0
Transmutations | 3 4 5 6 7 8 10 11 12 13 14 16 17 18 20 21 23 24 27 | 27.0
Fire Magic     | 3 4 5 6 7 8 10 11 12 13 14 16 17 18 19 22 24 27 | 27.0
Ice Magic      | 3 4 5 6 7 8 10 11 12 13 14 16 17 18 20 21 23 24 27 | 27.0
Air Magic      | 3 4 5 6 7 8 10 11 12 13 14 16 17 18 20 21 23 24 27 | 27.0
Earth Magic    | 3 4 5 6 7 8 10 11 12 13 14 16 17 18 20 21 23 24 27 | 27.0
Poison Magic   | 3 4 5 6 7 8 10 11 12 13 14 16 17 18 20 21 23 24 27 | 27.0
Fighting       | 3 5 7 10 11 12 13 15 16 18 | 18.0
Short Blades   | 4 5 8 |  8.0
Stealth        | 2 5 |  5.0
Evocations     | 3 6 8 11 13 14 | 14.0
Invocations    | 5 6 10 | 10.0
Dodging        | 3 9 10 11 13 15 | 15.0
Armour         | 4 7 10 | 10.0
Shields        | 3 10 11 12 14 15 16 17 | 17.0

Action                     |  1- 3 |  4- 6 |  7- 9 | 10-12 | 13-15 | 16-18 | 19-21 | 22-24 | 25-27 || total
---------------------------+-------+-------+-------+-------+-------+-------+-------+-------+-------++-------
  Melee: Dagger            |    13 |    71 |   193 |   442 |   505 |   646 |     5 |       |       ||  1875
         Punch             |       |       |     5 |     9 |     6 |     5 |       |       |       ||    25
         Staff             |       |       |       |       |       |       |   224 |    79 |   133 ||   436
   Cast: Magic Dart        |    38 |    36 |       |    14 |       |       |       |       |       ||    88
         Mephitic Cloud    |     2 |    10 |    36 |    56 |     9 |       |       |       |       ||   113
         Shock             |       |     6 |       |    13 |       |       |       |       |       ||    19
         Slow              |       |     1 |     2 |     2 |       |       |       |       |       ||     5
         Call Imp          |       |     1 |     2 |     7 |     1 |       |       |       |       ||    11
         Volatile Blastmot |       |       |    24 |    37 |     7 |     2 |       |       |       ||    70
         Borgnjor's Vile C |       |       |       |    60 |    98 |   127 |    42 |    36 |    25 ||   388
         Dazzling Flash    |       |       |       |     1 |       |       |       |       |       ||     1
         Freezing Cloud    |       |       |       |       |    99 |    62 |    22 |     6 |     2 ||   191
         Eringya's Noxious |       |       |       |       |       |    67 |     6 |     2 |     1 ||    76
         Bombard           |       |       |       |       |       |    67 |    87 |   118 |    97 ||   369
         Ozocubu's Refrige |       |       |       |       |       |       |   269 |   372 |   175 ||   816
         Lesser Beckoning  |       |       |       |       |       |       |     1 |       |       ||     1
         Orb of Destructio |       |       |       |       |       |       |       |     5 |    16 ||    21
         Haunt             |       |       |       |       |       |       |       |     2 |       ||     2
         Fire Storm        |       |       |       |       |       |       |       |       |    30 ||    30
         Chain Lightning   |       |       |       |       |       |       |       |       |   409 ||   409
 Invoke: Disaster Area     |       |       |       |       |       |     2 |       |     1 |       ||     3
         Elemental Force   |       |       |       |       |       |     1 |       |       |       ||     1
  Evoke: Wand              |       |       |     1 |    13 |     6 |    24 |       |     1 |     5 ||    50
         Lightning rod     |       |       |       |       |     2 |       |       |       |       ||     2
         Phantom mirror    |       |       |       |       |       |     3 |       |     1 |     2 ||     6
    Use: Scroll            |       |     2 |     2 |    12 |    14 |    10 |     6 |     2 |     9 ||    57
         Potion            |       |     1 |       |       |     1 |     5 |     4 |     2 |     9 ||    22
   Stab: Confused          |       |     3 |    20 |    26 |     7 |       |       |       |       ||    56
         Distracted        |       |       |       |     1 |     5 |    12 |       |       |     1 ||    19
         Paralysed         |       |       |       |     1 |       |     4 |       |       |       ||     5
         Invisible         |       |       |       |       |       |     1 |       |       |       ||     1
         Petrified         |       |       |       |       |       |       |     5 |       |     4 ||     9
 Armour: Robe              |     7 |    42 |   125 |    66 |       |       |       |       |       ||   240
         Steam dragon scal |       |       |       |    61 |       |       |       |       |       ||    61
         Troll leather arm |       |       |       |   162 |   317 |   304 |   180 |   116 |   288 ||  1367
         Quicksilver drago |       |       |       |       |       |       |       |       |   303 ||   303
  Dodge: Dodged            |     9 |    40 |   113 |   184 |   254 |   332 |   169 |   130 |   234 ||  1465
         Repelled          |       |       |       |     2 |     5 |     3 |     6 |    11 |    27 ||    54
  Block: Other             |       |     4 |    17 |   104 |   190 |    95 |       |       |       ||   410
         Kite shield       |       |       |       |       |       |   409 |   395 |   236 |   325 ||  1365
         Buckler           |       |       |       |       |       |       |       |       |   117 ||   117

Table legend: (Time is in decaauts)
 A = Elapsed time spent in this place.
 B = Non-inter-level travel time spent in this place.
 C = Inter-level travel time spent in this place.
 D = Time resting spent in this place.
 E = Time spent auto-exploring this place.
 F = Levels seen in this place.
 G = Mean time per level.
                   A        B        C        D        E       F      G
               +--------+--------+--------+--------+--------+-----+--------+
         Total |  66932 |  58446 |   8486 |   3918 |  39365 |  56 | 1195.2 |
       Dungeon |  18751 |  16243 |   2508 |   1397 |  11442 |  15 | 1250.1 |
          Lair |   6439 |   5162 |   1277 |    301 |   3661 |   5 | 1287.8 |
        Shoals |   4694 |   4076 |    618 |    169 |   2821 |   4 | 1173.5 |
   Spider Nest |   5861 |   5258 |    603 |    133 |   3756 |   4 | 1465.2 |
    Slime Pits |   1132 |   1064 |     68 |    280 |    228 |   5 |  226.4 |
  Orcish Mines |   2975 |   2513 |    462 |      0 |   1749 |   2 | 1487.5 |
   Elven Halls |   3865 |   3460 |    405 |      8 |   2434 |   3 | 1288.3 |
        Vaults |   7521 |   6752 |    769 |    489 |   4780 |   5 | 1504.2 |
        Depths |   7020 |   5695 |   1325 |    178 |   3702 |   4 | 1755.0 |
           Zot |   6457 |   6011 |    446 |    807 |   3990 |   5 | 1291.4 |
      Ice Cave |    345 |    345 |      0 |     93 |      0 |   1 |  345.0 |
        Wizlab |    525 |    525 |      0 |      0 |    245 |   1 |  525.0 |
    Desolation |    894 |    894 |      0 |     44 |    332 |   1 |  894.0 |
      Gauntlet |    446 |    446 |      0 |     18 |    222 |   1 |  446.0 |
               +--------+--------+--------+--------+--------+-----+--------+

Top non-repeatable levels by time:
Depths:1: 2465 daAuts
   Orc:2: 2030 daAuts
Depths:4: 1965 daAuts
Vaults:4: 1928 daAuts
     D:6: 1720 daAuts
     D:3: 1696 daAuts
  Lair:2: 1679 daAuts
   Zot:2: 1675 daAuts
   Elf:3: 1640 daAuts
Spider:3: 1580 daAuts
   Zot:5: 1568 daAuts
    D:11: 1525 daAuts
Spider:2: 1501 daAuts
     D:7: 1489 daAuts
Vaults:5: 1459 daAuts
